 Dungeon Crawl Stone Soup version 0.19-a0-1740-g0bcaf2e (webtiles) character file.

9058 kae the Carver (level 11, -15/90 HPs)
             Began as a Formicid Fighter on Oct 2, 2016.
             Was a Follower of Ru.
             Demolished by a white ugly thing (30 damage)
             ... in an ice cave.
             The game lasted 00:13:37 (10812 turns).

kae the Carver (Formicid Fighter)                  Turns: 10812, Time: 00:13:38

Health: -15/90     AC: 12    Str: 26    XL:     11   Next: 67%
Magic:  11/11      EV: 10    Int:  9    God:    Ru [*.....]
Gold:   758        SH: 13    Dex: 10    Spells: 0 memorised, 10 levels left

rFire  . . .     SeeInvis +     r - +2 scimitar (flame)
rCold  . . .     Gourm    +     s - +0 scale mail
rNeg   + . .     Faith    .     c - +0 shield
rPois  .         Spirit   .     (helmet unavailable)
rElec  .         Dismiss  .     u - +2 cloak {MR+}
rCorr  .         Reflect  .     Q - +0 pair of gloves
MR     ++...     Harm     .     w - +0 pair of boots
Stlth  ..........               B - amulet of the gourmand
                                N - +3 ring of strength
                                I - ring of positive energy

@: no status effects
A: permanent stasis, dig shafts and tunnels, four strong arms, antennae 3, hated
by all
a: Dig, Shaft Self, Renounce Religion


You were in an ice cave.
You worshipped Ru.
Ru was aware of your devotion.
You were not hungry.

You visited 2 branches of the dungeon, and saw 11 of its levels.
You also visited: Ice Cave.

You collected 758 gold pieces.

Inventory:

Hand Weapons
 a - a +1 long sword
 r - a +2 scimitar of flaming (weapon)
Armour
 b - a +0 scale mail
 c - a +0 shield (worn)
 s - a +0 scale mail (worn)
 u - a +2 cloak of magic resistance (worn)
 w - a +0 pair of boots (worn)
 Q - a +0 pair of gloves (worn)
Jewellery
 h - an uncursed ring of stealth
 l - an uncursed ring of protection from fire
 B - an amulet of the gourmand (around neck)
 I - a ring of positive energy (left hand)
 K - an uncursed ring of resist corrosion
 N - a +3 ring of strength (right hand)
Wands
 d - a wand of flame (10/48)
 y - a wand of confusion (48/48)
 A - a wand of disintegration (17/24)
 D - a wand of lightning (5/15)
 J - a wand of confusion (22/48)
Scrolls
 e - 4 scrolls of amnesia
 i - 2 scrolls of recharging
 j - a scroll of magic mapping
 x - 2 scrolls of identify
 G - a scroll of remove curse
 H - 2 scrolls of enchant armour
Potions
 m - a potion of flight
 p - 4 potions of curing
 q - a potion of brilliance
 t - 4 potions of lignification
 v - 4 potions of heal wounds
 z - 2 potions of cancellation
 C - a potion of resistance
 E - a potion of ambrosia
 F - a potion of cure mutation
 L - a potion of haste
 R - a potion of mutation
Books
 M - a book of Flames

   Spells                             Type                      Level
   a - Flame Tongue                   Conjuration/Fire             1
   b - Throw Flame                    Conjuration/Fire             2
   c - Conjure Flame                  Conjuration/Fire             3
   d - Inner Flame                    Hexes/Fire                   3
   e - Sticky Flame                   Conjuration/Fire             4
   f - Fireball                       Conjuration/Fire             5
 P - the Incunabulum of Earth and Heat
   (You found it on level 9 of the Dungeon)

   Spells                             Type                      Level
   a - Sandblast                      Earth                        1
   b - Throw Flame                    Conjuration/Fire             2
   c - Passwall                       Transmutation/Earth          2
   d - Stone Arrow                    Conjuration/Earth            3
   e - Delayed Fireball               Conjuration/Fire             7
 T - a book of Minor Magic

   Spells                             Type                      Level
   a - Magic Dart                     Conjuration                  1
   b - Blink                          Translocation                2
   c - Call Imp                       Summoning                    2
   d - Repel Missiles                 Charms/Air                   2
   e - Slow                           Hexes                        2
   f - Conjure Flame                  Conjuration/Fire             3
   g - Mephitic Cloud                 Conjuration/Poison/Air       3
Comestibles
 f - 11 bread rations
 g - 4 beef jerkies
 k - 5 meat rations
 n - 30 fruits
 o - a royal jelly


   Skills:
 - Level 10.0 Fighting
 * Level 12.2 Long Blades
 + Level 3.2 Armour
 - Level 11.2 Shields
 + Level 0.0 Evocations


You had 10 spell levels left.
You didn't know any spells.

Dungeon Overview and Level Annotations

Branches:
Dungeon (10/15)            Temple (0/1) D:7            Lair (1/6) D:8
    Orc (0/2) D:10

Altars:
Elyvilon
Fedhas
Kikubaaqudgha
Nemelex Xobeh
Ru
Sif Muna
Uskayaw
Vehumet
Xom
Yredelemnul
Zin

Shops:
D:10 [(

Annotations:
D:5 Prince Ribbit


Innate Abilities, Weirdness & Mutations

You are under a permanent stasis effect.
You can dig through walls and to a lower floor.
Your four strong arms can wield two-handed weapons with a shield.
You have a pair of large antennae on your head. (SInv)
You are hated by all.


Message History

The white ugly thing is almost dead.
The white ugly thing punches you. The white ugly thing freezes you!
You hit the white ugly thing but do no damage.
The white ugly thing is almost dead.
The white ugly thing punches you but does no damage.
You hit the white ugly thing but do no damage.
The white ugly thing is almost dead.
The white ugly thing punches you. The white ugly thing freezes you!!
* * * LOW HITPOINT WARNING * * *
You are too injured to fight recklessly!
You are too injured to fight recklessly!
You hit the white ugly thing but do no damage.
The white ugly thing is severely wounded.
The white ugly thing closely misses you.
You riposte.
You barely miss the white ugly thing.
The white ugly thing is severely wounded.
You feel much better. The white ugly thing punches you!
* * * LOW HITPOINT WARNING * * *
The white ugly thing freezes you!!
You die...

#).......(#
#(........#
#.........#
#.........#
##.......##
##.....##
###.###
##..u..##
##...@...##
#....∩....#
#.........#
#.........#
###....∩....#
##.#.........#
#.#.##########
#####


You could see a white ugly thing.

Vanquished Creatures
  Erica (D:8)
  A hill giant (D:10)
  An oklob plant (D:8)
  A troll (D:10)
  Grinder (D:5)
  A two-headed ogre (D:9)
  2 hippogriffs
  A wyvern (D:9)
  6 yaks (D:9)
  The ghost of kae the Ruffian, an amateur DrTm (D:3)
  Grum (D:8)
  A porcupine (Lair:1)
  An orc warrior (D:9)
  11 ice beasts
  3 black bears
  4 phantoms
  3 centaurs
  4 ogres
  2 wolves (D:8)
  6 bullfrogs
  A scorpion (D:10)
  5 killer bees (D:7)
  5 wights (D:10)
  An electric eel (D:6)
  6 howler monkeys
  A bullfrog zombie (D:10)
  7 crimson imps
  A centaur zombie (D:9)
  4 hounds
  2 quasits
  3 jellies
  A gnoll shaman (D:4)
  5 orc priests
  Crazy Yiuf (D:2)
  5 orc wizards
  A bullfrog skeleton (D:5)
  2 centaur skeletons (D:4)
  2 iguanas
  7 worker ants
  Terence (D:2)
  3 hound zombies
  A hound skeleton (D:7)
  A howler monkey zombie (D:5)
  A worker ant zombie (D:9)
  4 gnolls (D:4)
  12 adders
  A shadow imp (D:5)
  2 oozes (D:1)
  2 adder skeletons
  6 worms
  3 dart slugs
  30 orcs
  7 bats
  3 giant cockroaches
  8 goblins
  4 hobgoblins (D:1)
  3 jackals (D:5)
  4 quokkas
  3 ball pythons
  2 frilled lizards
  A jackal skeleton (D:4)
  3 kobolds
  7 rats
  6 fungi (D:8)
  10 plants (D:8)
240 creatures vanquished.

Vanquished Creatures (others)
  An orc warrior (D:10)
  A bullfrog (D:9)
  An orc (D:6)
3 creatures vanquished.

Grand Total: 243 creatures vanquished

Notes
Turn   | Place    | Note
-------+----------+-------------------------------------------
     0 | D:1      | kae the Formicid Fighter began the quest for the Orb.
     0 | D:1      | Reached XP level 1. HP: 18/18 MP: 1/1
    31 | D:1      | Reached XP level 2. HP: 22/24 MP: 2/2
   518 | D:1      | Reached XP level 3. HP: 29/29 MP: 3/3
   655 | D:2      | Found an ancient bone altar of Kikubaaqudgha.
   676 | D:2      | Reached skill level 3 in Long Blades
   704 | D:2      | Reached XP level 4. HP: 17/37 MP: 4/4
   966 | D:2      | Found a sparkling altar of Nemelex Xobeh.
   969 | D:2      | Noticed Terence
   987 | D:2      | Killed Terence
  1318 | D:2      | Found a runed door.
  1322 | D:2      | Noticed Crazy Yiuf
  1326 | D:2      | Killed Crazy Yiuf
  1326 | D:2      | Reached XP level 5. HP: 36/42 MP: 5/5
  1481 | D:3      | Noticed kae's ghost (amateur DrTm)
  1491 | D:3      | Killed kae's ghost
  1491 | D:3      | Reached skill level 4 in Long Blades
  1491 | D:3      | Reached skill level 5 in Shields
  1491 | D:3      | Reached XP level 6. HP: 44/49 MP: 6/6
  1772 | D:4      | Noticed an ogre
  1789 | D:4      | Found a radiant altar of Vehumet.
  1791 | D:4      | Noticed an ogre
  1809 | D:3      | Reached skill level 5 in Long Blades
  2059 | D:4      | Killed an ogre
  2059 | D:4      | Reached XP level 7. HP: 33/55 MP: 7/7
  2261 | D:3      | Reached skill level 5 in Fighting
  2748 | D:4      | Reached skill level 6 in Long Blades
  2748 | D:4      | Reached XP level 8. HP: 29/63 MP: 8/8
  3295 | D:5      | Entered Level 5 of the Dungeon
  3569 | D:5      | Noticed Grinder
  3586 | D:5      | Killed Grinder
  3586 | D:5      | Reached skill level 7 in Long Blades
  3669 | D:5      | Found a sacrificial altar of Ru.
  3692 | D:5      | Became a worshipper of Ru the Awakened
  3710 | D:5      | Noticed Prince Ribbit
  4613 | D:6      | Reached XP level 9. HP: 71/71 MP: 9/9
  4842 | D:6      | Found a sacrificial altar of Ru.
  5163 | D:6      | Reached skill level 8 in Long Blades
  5708 | D:7      | Noticed a hippogriff
  5717 | D:7      | Killed a hippogriff
  5864 | D:7      | Found a staircase to the Ecumenical Temple.
  5906 | D:7      | Found a shimmering altar of Xom.
  5957 | D:7      | Gained mutation: You are hated by all. [Ru sacrifice]
  5957 | D:7      | Reached * piety under Ru
  6103 | D:7      | Found a basalt altar of Yredelemnul.
  6105 | D:7      | Found a deep blue altar of Sif Muna.
  6115 | D:7      | Reached skill level 9 in Long Blades
  6237 | D:7      | Found a white marble altar of Elyvilon.
  7249 | D:8      | Noticed Erica
  7312 | D:8      | Killed Erica
  7312 | D:8      | Reached skill level 10 in Long Blades
  7312 | D:8      | Reached XP level 10. HP: 42/80 MP: 10/10
  7456 | D:8      | Found a hide-covered altar of Uskayaw.
  7476 | D:8      | Found a blossoming altar of Fedhas.
  7500 | D:8      | Noticed an oklob plant
  7581 | D:8      | Found a staircase to the Lair.
  7740 | D:8      | Noticed Grum
  8008 | D:8      | Killed Grum
  8118 | D:8      | Found a glowing silver altar of Zin.
  8440 | D:8      | Killed an oklob plant
  8642 | D:9      | Reached skill level 11 in Long Blades
  8650 | D:9      | Reached skill level 10 in Shields
  8938 | D:9      | Reached XP level 11. HP: 45/89 MP: 11/11
  9520 | D:9      | Identified the Incunabulum of Earth and Heat
  9712 | D:10     | Entered Level 10 of the Dungeon
  9843 | D:10     | Noticed a hill giant
  9851 | D:10     | Killed a hill giant
  9857 | D:10     | Reached skill level 12 in Long Blades
 10225 | D:10     | Found Viacw's Armour Shop.
 10225 | D:10     | Found a staircase to the Orcish Mines.
 10226 | D:10     | Found Ugri's Weapon Shop.
 10569 | Lair:1   | Entered Level 1 of the Lair of Beasts
 10714 | Lair:1   | Found a frozen archway.
 10734 | IceCv    | Entered an ice cave
 10763 | IceCv    | Reached skill level 10 in Fighting
 10786 | IceCv    | Noticed a white ugly thing
 10807 | IceCv    | HP: 3/90 [white ugly thing (25)]
 10812 | IceCv    | Demolished by a white ugly thing

Vault maps used:
D:1:      onia_arrival_handbag, minmay_misc_feat_cross
D:2:      lemuel_doored_altar, nemelex_xobeh_ov_fountains_minmay, first_bread,
          uniq_terence, uniq_crazy_yiuf_cottage
D:4:      vehumet_altar_wand_db
D:5:      nicolae_overflow_crystal_walls, minmay_splitting_lines,
          uniq_prince_ribbit1, uniq_grinder
D:6:      basic_altar, serial_park_tiny_pond, minivault_4
D:7:      minitemple, lemuel_coloured_pillars_altar, old_standard_altar
D:8:      zin_treasury, lemuel_crystal_altar, tgw_fedhas, dpeg_oklobed_lair,
          uniq_grum, uniq_erica
D:9:      minmay_parallelograms
D:10:     orc_david_3
Lair:1:   portal_ice_cave_entry_pillars_1
IceCv:    ice_cave_statue_garden_chambered

Skill      XL: |  1  2  3  4  5  6  7  8  9 10 11 |
---------------+----------------------------------+-----
Shields        | 4 5 6 7 9 10 11 | 11.2
Long Blades    | 3 4 5 6 7 10 11 12 | 12.2
Fighting       | 4 5 6 8 9 10 | 10.0
Armour         | |  3.2

Action                   |  1- 3 |  4- 6 |  7- 9 | 10-12 || total
-------------------------+-------+-------+-------+-------++-------
Melee: Long sword        |    97 |   166 |   552 |       ||   815
       Scimitar          |       |       |       |   467 ||   467
Invok: Sacrifice Love    |       |       |     1 |       ||     1
       Reject Sacrifices |       |       |       |     1 ||     1
 Abil: Dig               |       |     1 |     7 |     4 ||    12
  Use: Potion            |       |     1 |     5 |     1 ||     7
       Scroll            |       |       |    17 |     4 ||    21
  Eat: Chunk             |       |     4 |    16 |    11 ||    31
       Pizza             |       |       |     1 |       ||     1
       Royal jelly       |       |       |       |     1 ||     1
Armor: Scale mail        |    26 |    68 |   153 |    87 ||   334
       Skin              |       |       |    14 |       ||    14
Dodge: Dodged            |    25 |    51 |   160 |    76 ||   312
Block: Shield            |    46 |    93 |   274 |   155 ||   568
